Map: Belladone EC

Players

Kalit - Winner!

  • Race: Terran Terran
  • Spawn Location: 11:00

VOD

Have the link to the VOD?

Description

Classic 5:20 marines marauder rush.

Time

  • Played on: Jan. 8, 2020, 5:42 a.m.
  • Length: 8:40
Show
View Real Time Build Order
Export as new Build Order

Kalit Terran - Winner!

Build Orders:  

Get SALT Encoding   

  12  0:01  SCV  
  13  0:18  SCV  
  14  0:24  Supply Depot  
  14  0:35  SCV  
  15  0:54  SCV  
  15  0:56  Barracks  
  16  1:07  Refinery  
  16  1:11  SCV  
  17  1:26  Supply Depot  
  17  1:28  SCV  
  18  1:45  SCV  
  19  2:02  Barracks Tech Lab  
  19  2:09  Barracks  
  19  2:14  Barracks  
  19  2:35  Marauder  
  21  3:05  Marauder  
  21  3:09  Orbital Command  
  23  3:14  Barracks Reactor  
  23  3:22  Barracks Reactor  
  23  3:35  Marauder  
  25  4:00  Supply Depot  
  25  4:04  Marine  
  25  4:05  Marine, Marauder  
  29  4:11  Concussive Shells  
  29  4:15  Marine x2  
  31  4:32  Marine x2  
  31  4:35  Marauder  
  35  4:42  Marine x2  
  35  4:43  Supply Depot  
  37  5:02  Marine x2  
  39  5:13  Marauder, Supply Depot  
  39  5:16  Supply Depot  
  41  5:20  Marine x2  
  41  5:27  Marine x2  
  45  5:34  Unknown  
  45  5:43  Marauder  
  45  5:45  Marine x2  
  49  5:55  Marine x2  
  51  6:11  Marine x2  
  51  6:13  Marauder  
  55  6:20  Marine x2, Supply Depot  
  57  6:36  Marine x2  
  59  6:43  Marauder  
  59  6:45  Marine x2  
  63  7:00  Marine  
  63  7:01  Marine  
  65  7:12  Marine x2  
  65  7:13  Marauder  
  69  7:27  Supply Depot  
  67  7:49  Marauder, Marine  
  64  7:50  Marine x3  
  66  8:14  Marine  
  66  8:15  Marine  
Tags
 
Add a new tag
Caveats
  • Supply blocks, unpowered buildings, or Contaminate may cause inaccurate times.
  • Supply counts are checked every 10 seconds.